 Dungeon Crawl Stone Soup version 0.31-a0-986-g5e6e4ef867 (webtiles) character file.

Game seed: 9181206919156078538

147 timneilson the Ruffian (level 5, 0/34 HPs)
             Began as an Octopode Shapeshifter on Nov 11, 2023.
             Was an Initiate of Gozag.
             Slain by Blork the orc
             ... wielding a +0 glaive
              (6 damage)
             ... on level 4 of the Dungeon.
             The game lasted 00:04:16 (2390 turns).

timneilson the Ruffian (Octopode Shapeshifter)      Turns: 2390, Time: 00:04:17

Health: 0/34       AC:  1    Str: 15    XL:     5   Next: 29%
Magic:  6/6        EV: 13    Int: 19    God:    Gozag
Gold:   120        SH:  0    Dex: 11    Spells: 6/6 levels left

rFire   . .          .
                       - Unarmed
rCold   . . .        (no shield)
rNeg    . . .        (helmet currently unavailable)
rPois   .            (no amulet)
rElec   .            d - ring of willpower
rCorr   +            e - ring of resist corrosion
SInv    .            h - +6 ring of intelligence
Will    +....        (no ring)
Stlth   +++          (no ring)
HPRegen 0.25/turn    (no ring)
MPRegen 0.10/turn    (no ring)
                     (no ring)

%: no passive effects
@: beast-form, gold aura
A: beast (slay +2), almost no armour, amphibious, 8 rings, camouflage 1,
gelatinous body 1, (nimble swimmer 1), tentacles
a: Begin Untransformation, Renounce Religion, Potion Petition, Call Merchant,
Bribe Branch


You were on level 4 of the Dungeon.
You worshipped Gozag.
Gozag was aware of your devotion.
You were a hulking beast.
You visited 2 branches of the dungeon, and saw 5 of its levels.

You collected 175 gold pieces.
You paid 55 gold pieces to Gozag.

Inventory:

Jewellery
 d - a ring of willpower (left tentacle)
 e - a ring of resist corrosion (right tentacle)
 h - a +6 ring of intelligence (on tentacle)
 n - an amulet of regeneration
Talismans
 b - a beast talisman
 c - a flux talisman
 m - a serpent talisman
Potions
 a - a potion of lignification
 f - a potion of berserk rage {unknown}
 g - 2 potions of brilliance
 i - a potion of attraction {unknown}
 k - a potion of might {unknown}


   Skills:
 * Level 2.2 Fighting
 * Level 2.9 Dodging
 + Level 1.6 Stealth
 * Level 3.7 Unarmed Combat
 + Level 1.2 Spellcasting
 * Level 3.6 Shapeshifting


You had 6 spell levels left.
You didn't know any spells.
Your spell library was empty.

Dungeon Overview and Level Annotations

Branches:
Dungeon (4/15)             Temple (1/1) D:4

Altars:
Ashenzari
Cheibriados
Elyvilon
Gozag
Hepliaklqana
Makhleb
Qazlal
Vehumet
Xom
Yredelemnul

Annotations:
D:4 Blork the orc


Innate Abilities, Weirdness & Mutations

You are a hulking beast.
Your limbs bulge with bestial killing power. (Slay +2)
You cannot wear most types of armour.
You are amphibious.
You can wear up to eight rings at the same time.
Your skin changes colour to match your surroundings (Stealth+).
Your rubbery body absorbs attacks. (AC +1, EV +1)
((You are camouflaged when in or above water. (Stealth+)))
You have tentacles for arms and can constrict up to eight enemies at once.


Message History

You kill the adder!
You now have 98 gold pieces (gained 8).
Found 16 gold pieces.
A quokka comes into view.
You now have 114 gold pieces (gained 16).
A ball python comes into view.
Found a metallic orange potion.
A hobgoblin comes into view.
The hobgoblin shouts!
You tentacle-slap the ball python.
You kill the ball python!
You see here 6 gold pieces.
You now have 120 gold pieces (gained 6).
Blork the orc shouts!
You strike the helpless quokka from behind!
You tentacle-slap the quokka but do no damage.
You grab the quokka.
You constrict the quokka, but do no damage.
The quokka bites you.
You release your grip on the quokka.
The hobgoblin hits you. Blork the orc barely misses you.
You closely miss Blork the orc. Your grab misses Blork the orc.
The quokka bites you. The hobgoblin misses you.
Blork the orc barely misses you.
You tentacle-slap Blork the orc. You grab Blork the orc.
You tentacle-slap Blork the orc, but do no damage.
Blork the orc is lightly wounded.
You constrict Blork the orc, but do no damage.
The quokka barely misses you. The hobgoblin misses you.
Blork the orc hits you with a +0 glaive!
Ouch! That really hurt!
You tentacle-slap Blork the orc but do no damage.
Blork the orc is lightly wounded.
You constrict Blork the orc. The quokka bites you.
* * * LOW HITPOINT WARNING * * *
The hobgoblin hits you.
* * * LOW HITPOINT WARNING * * *
Blork the orc hits you with a +0 glaive.
You die...
Your body crumbles into a pile of gold.

......# .. ..........
#.....###. ............
####........ .............
........... ..!...<.......
.......... ...............
.........# #..........o...
.........###....).........
..........................
........rhg...............
..........o...............
..........................
.........###..............
########## #..............
####..............
#.................
#.....######...### #.....#
#...#


You could see Blork the orc, a quokka and a hobgoblin.

Vanquished Creatures
  A hound (D:4)
  5 adders
  3 worms
  4 orcs (D:3)
  8 endoplasms
  5 giant cockroaches
  4 hobgoblins
  3 kobolds
  4 quokkas
  7 ball pythons
  4 bats
  5 frilled lizards
  3 goblins
  5 rats
61 creatures vanquished.

Notes
Turn   | Place    | Note
-------+----------+-------------------------------------------
     0 | D:1      | timneilson the Octopode Shapeshifter began the quest for
                  | the Orb.
     0 | D:1      | Reached XP level 1. HP: 13/13 MP: 1/1
    86 | D:1      | Reached XP level 2. HP: 18/18 MP: 2/2
   326 | D:1      | Found a faded altar of an unknown god.
   364 | D:1      | Reached XP level 3. HP: 21/23 MP: 3/3
   365 | D:1      | Reached skill level 1 in Stealth
   715 | D:2      | Reached XP level 4. HP: 17/29 MP: 5/5
   905 | D:2      | Reached skill level 1 in Spellcasting
  1045 | D:2      | Identified the +5 ring mail of Grace {Will+ rCorr Dex+2}
  1842 | D:3      | Found a snail-covered altar of Cheibriados.
  2145 | D:4      | Noticed Blork the orc
  2232 | D:4      | Found a staircase to the Ecumenical Temple.
  2241 | Temple   | Entered the Ecumenical Temple
  2269 | Temple   | Became a worshipper of Gozag Ym Sagoz the Greedy
  2332 | D:4      | Reached XP level 5. HP: 31/34 MP: 6/6
  2390 | D:4      | Slain by Blork the orc

Illustrated notes

Levels and vault maps discovered:
D:1:      grunt_arrival_lava_bath, layout_rooms,
          shapermc_ecumenical_altar_hornbeckon
D:2:      layout_basic, nicolae_half_adder
D:3:      layout_loops_cross, chei_slow_surprise, minmay_misc_feat_more_columns
D:4:      gammafunk_steamed_eel, layout_basic, minmay_temple_entry_water_ring,
          uniq_blork_the_orc
Temple:   kb_temple_of_zot

Skill      XL: |  1  2  3  4 |
---------------+-------------+-----
Stealth        | 1 |  1.6
Spellcasting   | 1 |  1.2
Fighting       | 2 |  2.2
Dodging        | |  2.9
Unarmed Combat | |  3.7
Shapeshifting  | |  3.6

Action                     |  1- 3 |  4- 6 || total
---------------------------+-------+-------++-------
  Melee: Unarmed           |    56 |    66 ||   122
         Tentacles         |    11 |     9 ||    20
         Constrict         |    12 |    19 ||    31
         Punch             |     1 |     2 ||     3
    Use: Scroll            |     2 |     4 ||     6
   Stab: Sleeping          |     3 |     7 ||    10
         Distracted        |     1 |     1 ||     2
 Armour: Skin              |    18 |    26 ||    44
  Dodge: Dodged            |    38 |    45 ||    83

Table legend: (Time is in decaauts)
 A = Elapsed time spent in this place.
 B = Non-inter-level travel time spent in this place.
 C = Inter-level travel time spent in this place.
 D = Time resting spent in this place.
 E = Time spent auto-exploring this place.
 F = Levels seen in this place.
 G = Mean time per level.
                   A        B        C        D        E       F      G
               +--------+--------+--------+--------+--------+-----+--------+
         Total |   2383 |   2225 |    158 |    104 |   1553 |   5 |  476.6 |
       Dungeon |   2326 |   2219 |    107 |    104 |   1553 |   4 |  581.5 |
        Temple |     56 |      5 |     51 |      0 |      0 |   1 |   56.0 |
               +--------+--------+--------+--------+--------+-----+--------+

Top non-repeatable levels by time:
     D:3: 794 daAuts
     D:2: 778 daAuts
     D:1: 612 daAuts
     D:4: 141 daAuts
  Temple: 56 daAuts
